Flames vs Bruins (R1)

Created - 24 mai 2013 at 18:58

Goals
1 2 3 T
Flames 0 1 0 1
Bruins 1 0 1 2
Shots
1 2 3 T
Flames 7 11 9 27
Bruins 6 14 16 36

1st period

1. Bruins , Michael Ryder 1 (Joe Corvo) at 18:04

Penalties :
Richard Lintner (Bos) for Roughing (Minor) at 2:38, Wayne Primeau (Bos) for Tripping (Minor) at 7:08, Erik Johnson (Cal) for Tripping (Minor) at 14:41

2nd period

2. Flames , Eric Staal 2 (Alexander Semin, Rob Blake) at 15:17 (PP)

Penalties :
Matt Cooke (Bos) for Hooking (Minor) at 0:58, Jeff Carter (Bos) for Hooking (Minor) at 12:20, Richard Lintner (Bos) for Hooking (Minor) at 15:09, Vitali Yachmenev (Bos) for Tripping (Minor) at 19:04

3rd period

3. Bruins , Eric Lindros 3 (Andrew Alberts) at 0:08 (SH)

Penalties :
Josef Vasicek (Cal) for Hooking (Minor) at 5:05, Scottie Upshall (Bos) for Hooking (Minor) at 7:37, Tomas Kaberle (Cal) for Roughing (Minor) at 7:37, Eric Staal (Cal) for Boarding (Minor) at 19:43

Goalie Stats

Craig Anderson (Cal), 34 saves from 36 shots - (0,944), L, 0-1-0, 60:00 minutes
Evgeni Nabokov (Bos), 26 saves from 27 shots - (0,963), W, 1-0-0, 60:00 minutes

Players Stats for Flames

Player Name              G  A  P  +/- PIM S  H  SB GA TA FO     MP     PP MP  PK MP  
------------------------------------------------------------------------------------
Alexander Semin          0  1  1  -1  0   2  0  0  0  1  2/2    19:55   5:45   1:04 
Brett Lebda              0  0  0  -1  0   1  1  1  0  0  0/0    19:06   4:41   0:00 
David Backes             0  0  0   0  0   4  5  0  1  2  1/1    20:26   4:18   0:00 
Derek Meech              0  0  0   0  0   0  0  0  0  0  0/0     6:05   0:00   1:37 
Eric Staal               1  0  1  -1  2   5  1  0  2  1  13/29  22:01   5:36   1:30 
Erik Johnson             0  0  0   0  2   0  1  0  0  0  0/0    15:31   4:41   0:00 
Jordin Tootoo            0  0  0  -1  0   0  2  0  0  0  0/0    12:13   0:00   1:05 
Josef Vasicek            0  0  0  -1  2   1  0  0  0  0  4/7    15:49   4:18   0:02 
Mark Bell                0  0  0   0  0   1  1  0  1  0  0/0     6:50   0:00   0:00 
Michal Handzus           0  0  0   0  0   0  2  0  0  0  6/11   14:28   0:09   2:24 
Pavel Bure               0  0  0  -1  0   3  3  2  0  1  0/1    20:40   5:45   0:00 
Petr Schastlivy          0  0  0   0  0   4  1  0  0  0  1/1    18:03   0:00   2:23 
Rob Blake                0  1  1  -2  0   1  2  0  1  1  0/0    21:13   5:22   1:37 
Ron Hainsey              0  0  0   0  0   0  0  1  0  0  0/0    12:45   0:00   2:37 
Steve Eminger            0  0  0   0  0   1  0  2  0  0  0/0    23:10   0:00   2:37 
Steve Sullivan           0  0  0  -1  0   1  4  0  0  1  0/0    16:04   4:18   0:00 
Steven Reinprecht        0  0  0   0  0   0  0  0  0  0  2/5     6:28   0:00   0:00 
Tomas Kaberle            0  0  0  -1  2   3  0  0  0  0  0/0    22:56   5:22   0:00 

Players Stats for Bruins

Player Name              G  A  P  +/- PIM S  H  SB GA TA FO     MP     PP MP  PK MP  
------------------------------------------------------------------------------------
Andrew Alberts           0  1  1   1  0   2  4  2  0  0  0/0    26:57   2:13   5:40 
Christoph Schubert       0  0  0   0  0   0  2  0  0  0  0/0    11:26   0:00   0:00 
Daniel Briere            0  0  0   1  0   2  1  0  1  1  0/0    21:38   2:27   5:57 
Eric Lindros             1  0  1   1  0   4  4  1  1  0  19/36  22:51   2:27   5:56 
Jeff Carter              0  0  0   0  2   2  0  0  1  0  4/7    15:12   1:47   0:41 
Joe Corvo                0  1  1   1  0   2  1  1  1  4  0/0    21:37   2:01   4:23 
Matt Cooke               0  0  0   0  2   4  3  0  0  0  0/0    12:16   0:00   1:22 
Matt Hendricks           0  0  0   1  0   0  1  0  0  0  0/4     7:59   0:00   0:00 
Michael Ryder            1  0  1   1  0   4  1  0  1  0  0/0     9:09   0:00   0:00 
Richard Lintner          0  0  0   0  4   0  1  1  0  0  0/0    12:04   0:00   0:00 
Ryan O'Byrne             0  0  0   1  0   1  0  1  0  0  0/0    21:37   2:01   4:23 
Scott Hartnell           0  0  0   0  0   1  3  0  0  0  0/1    14:09   1:47   0:51 
Scottie Upshall          0  0  0   1  2   2  2  0  0  0  1/1     8:55   0:00   0:00 
Victor Oreskovich        0  0  0   0  0   2  0  0  0  0  0/0     9:37   0:00   0:00 
Vitali Yachmenev         0  0  0   0  2   4  1  0  0  0  1/2    13:15   1:47   0:00 
Wayne Primeau            0  0  0   0  2   2  1  1  0  0  2/5    12:51   0:00   2:12 
Wojtek Wolski            0  0  0   0  0   3  0  0  2  0  1/1    19:21   2:27   3:07 
Zdeno Chara              0  0  0   1  0   1  1  1  0  0  0/0    26:57   2:13   5:40 

3 Stars

1 - Evgeni Nabokov (Bos)
2 - Eric Lindros (Bos)
3 - Michael Ryder (Bos)

Power Play

Flames - 1 on 6 Attempt(s) - 16,67%
Bruins - 0 on 3 Attempt(s) - 0,00%

Penalty Kill

Flames - 3 on 3 Attempt(s) - 100,00% - Score 0 goal in Penalty Kill
Bruins - 5 on 6 Attempt(s) - 83,33% - Score 1 goal in Penalty Kill

Official

Referees : Walkom Stephen and Walsh Ian
Linesman : Jay Sharrers and Derek Amell

Game Notes

No Game Note

Finance

Level 1 -- Attendance: 5205 (86,75%) -- Ticket Income 515 295 $
Level 2 -- Attendance: 4509 (90,18%) -- Ticket Income 266 031 $
Level 3 -- Attendance: 1985 (99,25%) -- Ticket Income 57 565 $
Level 4 -- Attendance: 4000 (100,00%) -- Ticket Income 76 000 $
Luxury Box -- Attendance: 792 (79,20%) -- Ticket Income 149 688 $
Game was played at the TD Banknorth Garden
Total Attendance: 16491 (91,62%)
Total Ticket Income: 1 064 579 $
Other Income: 53 229 $
Total Income: 1 117 808 $

Flames

5 vs 5 Forward 
   Center                   Left Wing                Right Wing               Time % Phy DF OF 
 1 Eric Staal               Petr Schastlivy          Pavel Bure               40     1   2  2  
 2 Michal Handzus           Alexander Semin          David Backes             30     1   2  2  
 3 Josef Vasicek            Steve Sullivan           Jordin Tootoo            20     1   2  2  
 4 Steven Reinprecht        Mark Bell                David Backes             10     1   2  2  

5 vs 5 Defense 
   Defense                  Defense                                           Time % Phy DF OF 
 1 Tomas Kaberle            Steve Eminger                                     40     1   2  2  
 2 Brett Lebda              Rob Blake                                         30     1   2  2  
 3 Ron Hainsey              Erik Johnson                                      20     1   2  2  
 4 Derek Meech              Steve Eminger                                     10     1   2  2  

PowerPlay Forward 
   Center                   Left Wing                Right Wing               Time % Phy DF OF 
 1 Eric Staal               Alexander Semin          Pavel Bure               60     1   1  3  
 2 Josef Vasicek            Steve Sullivan           David Backes             40     1   1  3  

PowerPlay Defense
   Defense                  Defense                                           Time % Phy DF OF 
 1 Tomas Kaberle            Rob Blake                                         60     1   2  2  
 2 Brett Lebda              Erik Johnson                                      40     1   2  2  

Penalty Kill 4 Players Forward 
   Center                   Wing                     Time % Phy DF OF 
 1 Michal Handzus           Petr Schastlivy          60     1   3  1  
 2 Eric Staal               Jordin Tootoo            40     1   3  1  

Penalty Kill 4 Players Defense
   Defense                  Defense                  Time % Phy DF OF 
 1 Ron Hainsey              Steve Eminger            60     1   3  1  
 2 Derek Meech              Rob Blake                40     1   3  1  

Penalty Kill - 3 Players Forward 
   Forward                                           Time % Phy DF OF 
 1 Michal Handzus                                    60     1   3  1  
 2 Eric Staal                                        40     1   3  1  

Penalty Kill - 3 Players Defense
   Defense                  Defense                  Time % Phy DF OF 
 1 Ron Hainsey              Steve Eminger            60     1   3  1  
 2 Derek Meech              Rob Blake                40     1   3  1  

4 vs 4 Forward 
   Center                   Wing                     Time % Phy DF OF 
 1 Eric Staal               Pavel Bure               60     1   2  2  
 2 Michal Handzus           Alexander Semin          40     1   2  2  

4 vs 4 Defense
   Defense                  Defense                  Time % Phy DF OF 
 1 Tomas Kaberle            Steve Eminger            60     1   2  2  
 2 Brett Lebda              Rob Blake                40     1   2  2  

Last Minutes Offensive
   Center                   Left Wing                Right Wing               Defense                  Defense                  
   Eric Staal               Alexander Semin          Pavel Bure               Tomas Kaberle            Steve Eminger            

Last Minutes Defensive
   Center                   Left Wing                Right Wing               Defense                  Defense                  
   Eric Staal               Petr Schastlivy          Pavel Bure               Tomas Kaberle            Steve Eminger            

Goaltenders
Starting : Craig Anderson           
Backup : Pekka Rinne              

Extra Forwards
Normal : Steve Sullivan, Petr Schastlivy, David Backes - PP : David Backes, Steve Sullivan - PK : Jordin Tootoo
Extra Defensemen
Normal : Rob Blake, Brett Lebda, Ron Hainsey - PP : Erik Johnson - PK : Rob Blake, Ron Hainsey
Penalty Shots
Eric Staal, Pavel Bure, Alexander Semin, Steve Sullivan, David Backes

Bruins

5 vs 5 Forward 
   Center                   Left Wing                Right Wing               Time % Phy DF OF 
 1 Eric Lindros             Wojtek Wolski            Daniel Briere            40     1   2  2  
 2 Jeff Carter              Scott Hartnell           Vitali Yachmenev         30     1   2  2  
 3 Wayne Primeau            Matt Cooke               Victor Oreskovich        20     1   2  2  
 4 Matt Hendricks           Scottie Upshall          Michael Ryder            10     1   2  2  

5 vs 5 Defense 
   Defense                  Defense                                           Time % Phy DF OF 
 1 Zdeno Chara              Andrew Alberts                                    40     1   2  2  
 2 Ryan O'Byrne             Joe Corvo                                         30     1   2  2  
 3 Richard Lintner          Christoph Schubert                                20     1   2  2  
 4 Zdeno Chara              Andrew Alberts                                    10     1   2  2  

PowerPlay Forward 
   Center                   Left Wing                Right Wing               Time % Phy DF OF 
 1 Eric Lindros             Wojtek Wolski            Daniel Briere            60     1   2  2  
 2 Jeff Carter              Scott Hartnell           Vitali Yachmenev         40     1   2  2  

PowerPlay Defense
   Defense                  Defense                                           Time % Phy DF OF 
 1 Zdeno Chara              Andrew Alberts                                    60     1   2  2  
 2 Ryan O'Byrne             Joe Corvo                                         40     1   2  2  

Penalty Kill 4 Players Forward 
   Center                   Wing                     Time % Phy DF OF 
 1 Eric Lindros             Daniel Briere            60     1   2  2  
 2 Wojtek Wolski            Wayne Primeau            40     1   2  2  

Penalty Kill 4 Players Defense
   Defense                  Defense                  Time % Phy DF OF 
 1 Zdeno Chara              Andrew Alberts           60     1   2  2  
 2 Ryan O'Byrne             Joe Corvo                40     1   2  2  

Penalty Kill - 3 Players Forward 
   Forward                                           Time % Phy DF OF 
 1 Eric Lindros                                      60     1   2  2  
 2 Wayne Primeau                                     40     1   2  2  

Penalty Kill - 3 Players Defense
   Defense                  Defense                  Time % Phy DF OF 
 1 Zdeno Chara              Andrew Alberts           60     1   2  2  
 2 Ryan O'Byrne             Joe Corvo                40     1   2  2  

4 vs 4 Forward 
   Center                   Wing                     Time % Phy DF OF 
 1 Eric Lindros             Daniel Briere            60     1   2  2  
 2 Wojtek Wolski            Jeff Carter              40     1   2  2  

4 vs 4 Defense
   Defense                  Defense                  Time % Phy DF OF 
 1 Zdeno Chara              Andrew Alberts           60     1   2  2  
 2 Ryan O'Byrne             Joe Corvo                40     1   2  2  

Last Minutes Offensive
   Center                   Left Wing                Right Wing               Defense                  Defense                  
   Eric Lindros             Wojtek Wolski            Daniel Briere            Zdeno Chara              Andrew Alberts           

Last Minutes Defensive
   Center                   Left Wing                Right Wing               Defense                  Defense                  
   Eric Lindros             Wojtek Wolski            Daniel Briere            Zdeno Chara              Andrew Alberts           

Goaltenders
Starting : Evgeni Nabokov           
Backup : Scott Clemmensen         

Extra Forwards
Normal : Michael Ryder, Scottie Upshall, Matt Cooke - PP : Michael Ryder, Scottie Upshall - PK : Matt Cooke
Extra Defensemen
Normal : Richard Lintner, Christoph Schubert, Ryan O'Byrne - PP : Richard Lintner - PK : Christoph Schubert, Ryan O'Byrne
Penalty Shots
Eric Lindros, Jeff Carter, Wojtek Wolski, Daniel Briere, Zdeno Chara

% Time on Ice - Flames

Lines # - Real PCT - Wanted PCT - Time Play
Normal Forward
1 - 33% - 40% - 14:20
2 - 27% - 30% - 11:45
3 - 24% - 20% - 10:32
4 - 15% - 10% - 6:28
Normal Defense
1 - 39% - 40% - 16:56
2 - 31% - 30% - 13:11
3 - 22% - 20% - 9:32
4 - 8% - 10% - 3:26
PP Forward
1 - 57% - 60% - 5:45
2 - 43% - 40% - 4:18
PP Defense
1 - 53% - 60% - 5:22
2 - 47% - 40% - 4:41
PK Forward
1 - 84% - 60% - 3:33
2 - 16% - 40% - 0:41
PK Defense
1 - 62% - 60% - 2:37
2 - 38% - 40% - 1:37
PK3 Forward
1 - 0% - 60%
2 - 0% - 40%
PK3 Defense
1 - 0% - 60%
2 - 0% - 40%
44 Forward
1 - 75% - 60% - 1:29
2 - 25% - 40% - 0:30
44 Defense
1 - 100% - 60% - 1:59
2 - 0% - 40% - 0:00
Last Minute Offensive  - 0:39
Last Minute Defensive  - 0:00
Total
Forward - 60:00
Defense - 60:00

% Time on Ice - Bruins

Lines # - Real PCT - Wanted PCT - Time Play
Normal Forward
1 - 30% - 40% - 13:04
2 - 29% - 30% - 12:24
3 - 22% - 20% - 9:37
4 - 19% - 10% - 7:59
Normal Defense
1 - 40% - 40% - 17:02
2 - 33% - 30% - 14:15
3 - 27% - 20% - 11:26
4 - 1% - 10% - 0:21
PP Forward
1 - 58% - 60% - 2:27
2 - 42% - 40% - 1:47
PP Defense
1 - 52% - 60% - 2:13
2 - 48% - 40% - 2:01
PK Forward
1 - 69% - 60% - 6:56
2 - 31% - 40% - 3:07
PK Defense
1 - 56% - 60% - 5:40
2 - 44% - 40% - 4:23
PK3 Forward
1 - 0% - 60%
2 - 0% - 40%
PK3 Defense
1 - 0% - 60%
2 - 0% - 40%
44 Forward
1 - 71% - 60% - 1:25
2 - 29% - 40% - 0:34
44 Defense
1 - 51% - 60% - 1:01
2 - 49% - 40% - 0:58
Last Minute Offensive  - 0:00
Last Minute Defensive  - 0:40
Total
Forward - 60:00
Defense - 60:00

Play by Play

1st period


0:01 of 1st period - Eric Staal wins face-off versus Eric Lindros in neutral zone.
0:58 of 1st period - Snap shot by Scottie Upshall.
0:58 of 1st period - Shot Misses the Net.
1:00 of 1st period - Backhand shot by Joe Corvo.
1:00 of 1st period - Shot Misses the Net.
1:36 of 1st period - Snap shot by Daniel Briere.
1:36 of 1st period - Shot Misses the Net.
1:56 of 1st period - Snap shot by Jeff Carter.
1:56 of 1st period - Shot Misses the Net.
2:12 of 1st period - Wrist shot by Victor Oreskovich.
2:12 of 1st period - Stopped by Craig Anderson with a rebound.
2:26 of 1st period - Snap shot by David Backes.
2:26 of 1st period - Stopped by Evgeni Nabokov without a rebound.
2:27 of 1st period - Eric Staal wins face-off versus Matt Hendricks in Bruins zone.
2:28 of 1st period - Wrist shot by Petr Schastlivy.
2:28 of 1st period - Stopped by Evgeni Nabokov without a rebound.
2:29 of 1st period - Eric Staal wins face-off versus Matt Hendricks in Bruins zone.
2:38 of 1st period - Snap shot by Pavel Bure.
2:38 of 1st period - Deflect By Eric Staal.
2:38 of 1st period - Stopped by Evgeni Nabokov without a rebound.
2:38 of 1st period - Minor Penalty to Richard Lintner for Roughing.
2:39 of 1st period - Eric Lindros wins face-off versus Eric Staal in Bruins zone.
3:09 of 1st period - Slapshot by Tomas Kaberle.
3:09 of 1st period - Shot Misses the Net.
3:11 of 1st period - Slapshot by Tomas Kaberle.
3:11 of 1st period - Deflect By Zdeno Chara.
3:11 of 1st period - Stopped by Evgeni Nabokov without a rebound.
3:12 of 1st period - Josef Vasicek wins face-off versus Eric Lindros in Bruins zone.
3:19 of 1st period - Snap shot by Josef Vasicek.
3:19 of 1st period - Shot Misses the Net.
3:21 of 1st period - Snap shot by David Backes.
3:21 of 1st period - Stopped by Evgeni Nabokov without a rebound.
3:22 of 1st period - Eric Lindros wins face-off versus Eric Staal in Bruins zone.
4:12 of 1st period - Off-side.
4:13 of 1st period - Eric Lindros wins face-off versus Josef Vasicek in neutral zone.
4:38 of 1st period - Penalty to Richard Lintner is over, Richard Lintner is back on ice.
5:17 of 1st period - Off-side.
5:18 of 1st period - Michal Handzus wins face-off versus Jeff Carter in neutral zone.
5:23 of 1st period - Backhand shot by Michal Handzus.
5:23 of 1st period - Shot Blocked by Joe Corvo.
5:31 of 1st period - Snap shot by Jeff Carter.
5:31 of 1st period - Stopped by Craig Anderson without a rebound.
5:32 of 1st period - Eric Staal wins face-off versus Eric Lindros in Flames zone.
5:57 of 1st period - Josef Vasicek is hit by Matt Cooke and loses puck.
6:04 of 1st period - Slapshot by Matt Cooke.
6:04 of 1st period - Stopped by Craig Anderson with a rebound.
6:26 of 1st period - Christoph Schubert is hit by Rob Blake and loses puck.
6:57 of 1st period - Snap shot by Michael Ryder.
6:57 of 1st period - Stopped by Craig Anderson with a rebound.
7:08 of 1st period - Minor Penalty to Wayne Primeau for Tripping.
7:09 of 1st period - Eric Lindros wins face-off versus Eric Staal in Bruins zone.
9:08 of 1st period - Penalty to Wayne Primeau is over, Wayne Primeau is back on ice.
11:09 of 1st period - Alexander Semin is hit by Andrew Alberts and loses puck.
11:16 of 1st period - Erik Johnson is hit by Scottie Upshall and loses puck.
11:36 of 1st period - Slapshot by Andrew Alberts.
11:36 of 1st period - Deflect By Vitali Yachmenev.
11:36 of 1st period - Shot Hit the Post.
11:36 of 1st period - Puck is out of play.
11:37 of 1st period - Eric Lindros wins face-off versus Steven Reinprecht in Flames zone.
11:57 of 1st period - Snap shot by Eric Staal.
11:57 of 1st period - Stopped by Evgeni Nabokov with a rebound.
12:20 of 1st period - Off-side.
12:21 of 1st period - Jeff Carter wins face-off versus Michal Handzus in neutral zone.
12:24 of 1st period - Wrist shot by Vitali Yachmenev.
12:24 of 1st period - Stopped by Craig Anderson with a rebound.
13:06 of 1st period - Wrist shot by Alexander Semin.
13:06 of 1st period - Deflect By Scott Hartnell.
13:06 of 1st period - Stopped by Evgeni Nabokov without a rebound.
13:07 of 1st period - Eric Staal wins face-off versus Eric Lindros in Bruins zone.
13:08 of 1st period - Snap shot by Pavel Bure.
13:08 of 1st period - Shot Misses the Net.
13:16 of 1st period - Zdeno Chara is hit by Pavel Bure and loses puck.
13:46 of 1st period - Wrist shot by Matt Cooke.
13:46 of 1st period - Shot Misses the Net.
13:52 of 1st period - Matt Cooke is hit by Jordin Tootoo and loses puck.
14:41 of 1st period - Minor Penalty to Erik Johnson for Tripping.
14:42 of 1st period - Michal Handzus wins face-off versus Eric Lindros in Flames zone.
16:08 of 1st period - Rob Blake is hit by Andrew Alberts and loses puck.
16:41 of 1st period - Penalty to Erik Johnson is over, Erik Johnson is back on ice.
16:50 of 1st period - Off-side.
16:51 of 1st period - Wayne Primeau wins face-off versus Steven Reinprecht in neutral zone.
17:04 of 1st period - Matt Cooke is hit by David Backes and loses puck.
17:26 of 1st period - Ryan O'Byrne is hit by Steve Sullivan.
17:35 of 1st period - Steve Sullivan is hit by Michael Ryder and loses puck.
17:48 of 1st period - Jordin Tootoo is hit by Scottie Upshall.
17:54 of 1st period - Slapshot by Tomas Kaberle.
17:54 of 1st period - Shot Blocked by Ryan O'Byrne.
18:04 of 1st period - Wrist shot by Michael Ryder.
18:04 of 1st period - Goal by Michael Ryder - Flames : 0 - Bruins : 1.
18:05 of 1st period - Eric Lindros wins face-off versus Eric Staal in neutral zone.
19:01 of 1st period - Wrist shot by Jordin Tootoo.
19:01 of 1st period - Shot Hit the Post.
19:18 of 1st period - Off-side.
19:19 of 1st period - Eric Lindros wins face-off versus Eric Staal in neutral zone.

2nd period


0:01 of 2nd period - Eric Lindros wins face-off versus Eric Staal in neutral zone.
0:31 of 2nd period - Wrist shot by Michal Handzus.
0:31 of 2nd period - Shot Blocked by Zdeno Chara.
0:33 of 2nd period - Slapshot by Brett Lebda.
0:33 of 2nd period - Stopped by Evgeni Nabokov with a rebound.
0:35 of 2nd period - Snap shot by Rob Blake.
0:35 of 2nd period - Stopped by Evgeni Nabokov with a rebound.
0:58 of 2nd period - Minor Penalty to Matt Cooke for Hooking.
0:59 of 2nd period - Eric Lindros wins face-off versus Eric Staal in Bruins zone.
2:58 of 2nd period - Penalty to Matt Cooke is over, Matt Cooke is back on ice.
3:02 of 2nd period - Snap shot by Wayne Primeau.
3:02 of 2nd period - Stopped by Craig Anderson with a rebound.
3:15 of 2nd period - Icing by Petr Schastlivy.
3:16 of 2nd period - Jeff Carter wins face-off versus Steven Reinprecht in Flames zone.
3:17 of 2nd period - Wrist shot by Vitali Yachmenev.
3:17 of 2nd period - Stopped by Craig Anderson with a rebound.
3:28 of 2nd period - Icing by Jeff Carter.
3:29 of 2nd period - Eric Staal wins face-off versus Vitali Yachmenev in Bruins zone.
4:04 of 2nd period - Snap shot by Scott Hartnell.
4:04 of 2nd period - Shot Blocked by Ron Hainsey.
4:06 of 2nd period - Slapshot by Vitali Yachmenev.
4:06 of 2nd period - Shot Misses the Net.
4:28 of 2nd period - Wrist shot by Eric Lindros.
4:28 of 2nd period - Deflect By Daniel Briere.
4:28 of 2nd period - Stopped by Craig Anderson without a rebound.
4:29 of 2nd period - Eric Lindros wins face-off versus Eric Staal in Flames zone.
4:54 of 2nd period - Pavel Bure is hit by Zdeno Chara and loses puck.
5:03 of 2nd period - Snap shot by Michael Ryder.
5:03 of 2nd period - Stopped by Craig Anderson with a rebound.
5:05 of 2nd period - Slapshot by Joe Corvo.
5:05 of 2nd period - Stopped by Craig Anderson without a rebound.
5:06 of 2nd period - David Backes wins face-off versus Eric Lindros in Flames zone.
5:06 of 2nd period - David Backes is hit by Eric Lindros.
5:57 of 2nd period - Wrist shot by Matt Cooke.
5:57 of 2nd period - Stopped by Craig Anderson with a rebound.
5:59 of 2nd period - Slapshot by Joe Corvo.
5:59 of 2nd period - Stopped by Craig Anderson without a rebound.
6:00 of 2nd period - Jeff Carter wins face-off versus Michal Handzus in Flames zone.
6:07 of 2nd period - Slapshot by Scott Hartnell.
6:07 of 2nd period - Shot Misses the Net.
6:15 of 2nd period - Snap shot by Vitali Yachmenev.
6:15 of 2nd period - Deflect By Scott Hartnell.
6:15 of 2nd period - Stopped by Craig Anderson without a rebound.
6:16 of 2nd period - Eric Staal wins face-off versus Eric Lindros in Flames zone.
6:48 of 2nd period - Snap shot by Matt Cooke.
6:48 of 2nd period - Stopped by Craig Anderson without a rebound.
6:49 of 2nd period - Eric Staal wins face-off versus Eric Lindros in Flames zone.
6:54 of 2nd period - Wrist shot by Eric Staal.
6:54 of 2nd period - Deflect By Pavel Bure.
6:54 of 2nd period - Stopped by Evgeni Nabokov without a rebound.
6:55 of 2nd period - Eric Staal wins face-off versus Eric Lindros in Bruins zone.
7:02 of 2nd period - Backhand shot by Eric Staal.
7:02 of 2nd period - Deflect By Pavel Bure.
7:02 of 2nd period - Stopped by Evgeni Nabokov with a rebound.
7:04 of 2nd period - Slapshot by Brett Lebda.
7:04 of 2nd period - Shot Misses the Net.
7:22 of 2nd period - Wrist shot by Vitali Yachmenev.
7:22 of 2nd period - Stopped by Craig Anderson without a rebound.
7:23 of 2nd period - Michal Handzus wins face-off versus Jeff Carter in Flames zone.
7:30 of 2nd period - Jeff Carter is hit by David Backes and loses puck.
8:06 of 2nd period - Slapshot by Alexander Semin.
8:06 of 2nd period - Shot Misses the Net.
8:08 of 2nd period - Snap shot by Michal Handzus.
8:08 of 2nd period - Shot Misses the Net.
8:10 of 2nd period - Slapshot by Tomas Kaberle.
8:10 of 2nd period - Stopped by Evgeni Nabokov without a rebound.
8:11 of 2nd period - Eric Lindros wins face-off versus Eric Staal in Bruins zone.
8:11 of 2nd period - Eric Lindros is hit by Brett Lebda.
8:19 of 2nd period - Snap shot by Eric Staal.
8:19 of 2nd period - Shot Misses the Net.
8:46 of 2nd period - Snap shot by Steve Sullivan.
8:46 of 2nd period - Shot Misses the Net.
8:48 of 2nd period - Snap shot by Steve Sullivan.
8:48 of 2nd period - Stopped by Evgeni Nabokov with a rebound.
9:00 of 2nd period - Wayne Primeau is hit by Erik Johnson and loses puck.
9:15 of 2nd period - Wrist shot by Eric Lindros.
9:15 of 2nd period - Shot Blocked by Steve Eminger.
9:17 of 2nd period - Snap shot by Daniel Briere.
9:17 of 2nd period - Shot Misses the Net.
9:19 of 2nd period - Snap shot by Daniel Briere.
9:19 of 2nd period - Shot Hit the Post.
9:21 of 2nd period - Wrist shot by Daniel Briere.
9:21 of 2nd period - Stopped by Craig Anderson without a rebound.
9:22 of 2nd period - Josef Vasicek wins face-off versus Wayne Primeau in Flames zone.
9:39 of 2nd period - Icing by Jordin Tootoo.
9:40 of 2nd period - Eric Lindros wins face-off versus Josef Vasicek in Flames zone.
9:41 of 2nd period - Snap shot by Wojtek Wolski.
9:41 of 2nd period - Stopped by Craig Anderson without a rebound.
9:42 of 2nd period - Petr Schastlivy wins face-off versus Eric Lindros in Flames zone.
10:07 of 2nd period - Alexander Semin is hit by Joe Corvo and loses puck.
11:02 of 2nd period - Andrew Alberts is hit by Rob Blake and loses puck.
11:13 of 2nd period - Matt Hendricks is hit by Mark Bell and loses puck.
11:33 of 2nd period - Zdeno Chara is hit by Steve Sullivan and loses puck.
11:38 of 2nd period - Wrist shot by Jordin Tootoo.
11:38 of 2nd period - Shot Misses the Net.
11:40 of 2nd period - Slapshot by Jordin Tootoo.
11:40 of 2nd period - Shot Misses the Net.
12:20 of 2nd period - Minor Penalty to Jeff Carter for Hooking.
12:21 of 2nd period - Eric Lindros wins face-off versus Eric Staal in Bruins zone.
14:20 of 2nd period - Penalty to Jeff Carter is over, Jeff Carter is back on ice.
14:24 of 2nd period - Wrist shot by Mark Bell.
14:24 of 2nd period - Stopped by Evgeni Nabokov with a rebound.
14:28 of 2nd period - Backhand shot by Petr Schastlivy.
14:28 of 2nd period - Stopped by Evgeni Nabokov with a rebound.
14:32 of 2nd period - Snap shot by Petr Schastlivy.
14:32 of 2nd period - Shot Misses the Net.
14:52 of 2nd period - Matt Cooke is hit by David Backes and loses puck.
15:07 of 2nd period - Wrist shot by Scottie Upshall.
15:07 of 2nd period - Stopped by Craig Anderson without a rebound.
15:08 of 2nd period - Eric Staal wins face-off versus Matt Hendricks in Flames zone.
15:08 of 2nd period - Eric Staal is hit by Christoph Schubert.
15:09 of 2nd period - Minor Penalty to Richard Lintner for Hooking.
15:10 of 2nd period - Jeff Carter wins face-off versus Eric Staal in Bruins zone.
15:15 of 2nd period - Snap shot by Alexander Semin.
15:15 of 2nd period - Shot Blocked by Andrew Alberts.
15:17 of 2nd period - Slapshot by Eric Staal.
15:17 of 2nd period - Goal by Eric Staal - Flames : 1 - Bruins : 1.
15:18 of 2nd period - Eric Lindros wins face-off versus Eric Staal in neutral zone.
15:43 of 2nd period - David Backes is hit by Vitali Yachmenev and loses puck.
16:10 of 2nd period - Snap shot by Victor Oreskovich.
16:10 of 2nd period - Stopped by Craig Anderson without a rebound.
16:11 of 2nd period - Wojtek Wolski wins face-off versus Pavel Bure in Flames zone.
17:06 of 2nd period - Josef Vasicek is hit by Christoph Schubert and loses puck.
17:51 of 2nd period - Slapshot by Alexander Semin.
17:51 of 2nd period - Deflect By David Backes.
17:51 of 2nd period - Stopped by Evgeni Nabokov with a rebound.
18:05 of 2nd period - David Backes is hit by Scott Hartnell and loses puck.
18:32 of 2nd period - Steve Sullivan is hit by Matt Cooke and loses puck.
18:55 of 2nd period - Steve Eminger is hit by Richard Lintner.
19:04 of 2nd period - Minor Penalty to Vitali Yachmenev for Tripping.
19:05 of 2nd period - Alexander Semin wins face-off versus Eric Lindros in Bruins zone.
19:08 of 2nd period - Snap shot by Eric Staal.
19:08 of 2nd period - Stopped by Evgeni Nabokov with a rebound.
19:30 of 2nd period - Zdeno Chara is hit by David Backes.
19:47 of 2nd period - Ryan O'Byrne is hit by Steve Sullivan and loses puck.

3rd period


0:01 of 3rd period - Eric Lindros wins face-off versus Eric Staal in neutral zone.
0:08 of 3rd period - Snap shot by Eric Lindros.
0:08 of 3rd period - Goal by Eric Lindros - Flames : 1 - Bruins : 2.
0:09 of 3rd period - Alexander Semin wins face-off versus Eric Lindros in neutral zone.
0:23 of 3rd period - Snap shot by Alexander Semin.
0:23 of 3rd period - Stopped by Evgeni Nabokov with a rebound.
0:39 of 3rd period - Wrist shot by Steve Sullivan.
0:39 of 3rd period - Shot Misses the Net.
0:41 of 3rd period - Snap shot by Rob Blake.
0:41 of 3rd period - Shot Misses the Net.
0:43 of 3rd period - Snap shot by David Backes.
0:43 of 3rd period - Stopped by Evgeni Nabokov with a rebound.
0:45 of 3rd period - Backhand shot by Rob Blake.
0:45 of 3rd period - Shot Blocked by Andrew Alberts.
0:59 of 3rd period - Daniel Briere is hit by Pavel Bure and loses puck.
1:04 of 3rd period - Penalty to Vitali Yachmenev is over, Vitali Yachmenev is back on ice.
1:10 of 3rd period - Slapshot by Jeff Carter.
1:10 of 3rd period - Shot Misses the Net.
1:12 of 3rd period - Slapshot by Ryan O'Byrne.
1:12 of 3rd period - Stopped by Craig Anderson with a rebound.
2:11 of 3rd period - Snap shot by Alexander Semin.
2:11 of 3rd period - Shot Blocked by Richard Lintner.
2:49 of 3rd period - Wrist shot by Victor Oreskovich.
2:49 of 3rd period - Shot Hit the Post.
2:51 of 3rd period - Snap shot by Wayne Primeau.
2:51 of 3rd period - Stopped by Craig Anderson without a rebound.
2:52 of 3rd period - Eric Staal wins face-off versus Wayne Primeau in Flames zone.
2:59 of 3rd period - Wrist shot by Pavel Bure.
2:59 of 3rd period - Stopped by Evgeni Nabokov with a rebound.
3:07 of 3rd period - Snap shot by Eric Staal.
3:07 of 3rd period - Stopped by Evgeni Nabokov without a rebound.
3:08 of 3rd period - Michal Handzus wins face-off versus Eric Lindros in Bruins zone.
3:19 of 3rd period - Wrist shot by Alexander Semin.
3:19 of 3rd period - Shot Misses the Net.
3:23 of 3rd period - Snap shot by Alexander Semin.
3:23 of 3rd period - Shot Misses the Net.
3:35 of 3rd period - Petr Schastlivy is hit by Andrew Alberts and loses puck.
3:44 of 3rd period - Snap shot by Scott Hartnell.
3:44 of 3rd period - Shot Blocked by Pavel Bure.
3:46 of 3rd period - Slapshot by Joe Corvo.
3:46 of 3rd period - Deflect By Vitali Yachmenev.
3:46 of 3rd period - Stopped by Craig Anderson with a rebound.
4:00 of 3rd period - Snap shot by Josef Vasicek.
4:00 of 3rd period - Stopped by Evgeni Nabokov with a rebound.
4:02 of 3rd period - Snap shot by Jordin Tootoo.
4:02 of 3rd period - Shot Blocked by Wayne Primeau.
4:04 of 3rd period - Slapshot by Josef Vasicek.
4:04 of 3rd period - Shot Misses the Net.
4:24 of 3rd period - Snap shot by Scottie Upshall.
4:24 of 3rd period - Stopped by Craig Anderson without a rebound.
4:25 of 3rd period - Eric Staal wins face-off versus Eric Lindros in Flames zone.
4:40 of 3rd period - Eric Lindros is hit by Petr Schastlivy and loses puck.
4:51 of 3rd period - Jeff Carter is hit by Michal Handzus and loses puck.
5:05 of 3rd period - Minor Penalty to Josef Vasicek for Hooking.
5:06 of 3rd period - Eric Lindros wins face-off versus Michal Handzus in Flames zone.
5:09 of 3rd period - Wrist shot by Eric Lindros.
5:09 of 3rd period - Stopped by Craig Anderson without a rebound.
5:10 of 3rd period - Michal Handzus wins face-off versus Eric Lindros in Flames zone.
5:10 of 3rd period - Michal Handzus is hit by Andrew Alberts.
5:22 of 3rd period - Slapshot by Wojtek Wolski.
5:22 of 3rd period - Shot Blocked by Steve Eminger.
5:38 of 3rd period - Wrist shot by Jeff Carter.
5:38 of 3rd period - Stopped by Craig Anderson without a rebound.
5:39 of 3rd period - Vitali Yachmenev wins face-off versus Michal Handzus in Flames zone.
6:23 of 3rd period - Steve Eminger is hit by Eric Lindros.
7:05 of 3rd period - Penalty to Josef Vasicek is over, Josef Vasicek is back on ice.
7:15 of 3rd period - Wrist shot by Victor Oreskovich.
7:15 of 3rd period - Shot Misses the Net.
7:33 of 3rd period - Slapshot by Michael Ryder.
7:33 of 3rd period - Stopped by Craig Anderson without a rebound.
7:34 of 3rd period - Steven Reinprecht wins face-off versus Matt Hendricks in Flames zone.
7:34 of 3rd period - Steven Reinprecht is hit by Matt Hendricks.
7:37 of 3rd period - Minor Penalty to Scottie Upshall for Hooking.
7:37 of 3rd period - Minor Penalty to Tomas Kaberle for Roughing.
7:38 of 3rd period - Eric Lindros wins face-off versus Eric Staal in neutral zone.
7:43 of 3rd period - Eric Staal is hit by Eric Lindros and loses puck.
8:46 of 3rd period - Ron Hainsey is hit by Matt Cooke and loses puck.
8:53 of 3rd period - Snap shot by Matt Cooke.
8:53 of 3rd period - Stopped by Craig Anderson with a rebound.
8:55 of 3rd period - Slapshot by Ryan O'Byrne.
8:55 of 3rd period - Shot Misses the Net.
9:34 of 3rd period - Andrew Alberts is hit by David Backes and loses puck.
9:37 of 3rd period - Penalty to Scottie Upshall is over, Scottie Upshall is back on ice.
9:37 of 3rd period - Penalty to Tomas Kaberle is over, Tomas Kaberle is back on ice.
10:01 of 3rd period - Slapshot by Andrew Alberts.
10:01 of 3rd period - Stopped by Craig Anderson with a rebound.
10:11 of 3rd period - Wrist shot by Tomas Kaberle.
10:11 of 3rd period - Deflect By Zdeno Chara.
10:11 of 3rd period - Stopped by Evgeni Nabokov with a rebound.
10:13 of 3rd period - Snap shot by David Backes.
10:13 of 3rd period - Shot Misses the Net.
10:15 of 3rd period - Wrist shot by David Backes.
10:15 of 3rd period - Shot Blocked by Eric Lindros.
10:17 of 3rd period - Wrist shot by Petr Schastlivy.
10:17 of 3rd period - Stopped by Evgeni Nabokov without a rebound.
10:18 of 3rd period - Josef Vasicek wins face-off versus Jeff Carter in Bruins zone.
11:26 of 3rd period - Erik Johnson is hit by Wayne Primeau and loses puck.
12:05 of 3rd period - Christoph Schubert is hit by Steve Sullivan and loses puck.
12:38 of 3rd period - Alexander Semin is hit by Scott Hartnell and loses puck.
13:12 of 3rd period - Eric Lindros is hit by Jordin Tootoo and loses puck.
14:55 of 3rd period - Off-side.
14:56 of 3rd period - Steven Reinprecht wins face-off versus Scott Hartnell in neutral zone.
15:01 of 3rd period - Snap shot by Petr Schastlivy.
15:01 of 3rd period - Stopped by Evgeni Nabokov without a rebound.
15:02 of 3rd period - Wayne Primeau wins face-off versus Josef Vasicek in Bruins zone.
15:54 of 3rd period - Steve Eminger is hit by Scott Hartnell and loses puck.
16:12 of 3rd period - Daniel Briere is hit by Eric Staal and loses puck.
16:41 of 3rd period - Christoph Schubert is hit by Michal Handzus and loses puck.
17:21 of 3rd period - Icing by Ron Hainsey.
17:22 of 3rd period - Scottie Upshall wins face-off versus Michal Handzus in Flames zone.
17:53 of 3rd period - Snap shot by Victor Oreskovich.
17:53 of 3rd period - Shot Blocked by Brett Lebda.
17:55 of 3rd period - Snap shot by Victor Oreskovich.
17:55 of 3rd period - Deflect By Matt Cooke.
17:55 of 3rd period - Shot Misses the Net.
17:55 of 3rd period - Puck is out of play.
17:56 of 3rd period - Eric Staal wins face-off versus Eric Lindros in Flames zone.
17:56 of 3rd period - Eric Staal is hit by Eric Lindros.
18:02 of 3rd period - Ryan O'Byrne is hit by Pavel Bure and loses puck.
18:09 of 3rd period - Eric Staal is hit by Daniel Briere and loses puck.
18:24 of 3rd period - Slapshot by Steve Eminger.
18:24 of 3rd period - Stopped by Evgeni Nabokov without a rebound.
18:25 of 3rd period - Josef Vasicek wins face-off versus Wayne Primeau in Bruins zone.
18:40 of 3rd period - Wrist shot by Wayne Primeau.
18:40 of 3rd period - Shot Misses the Net.
18:42 of 3rd period - Slapshot by Zdeno Chara.
18:42 of 3rd period - Deflect By Brett Lebda.
18:42 of 3rd period - Stopped by Craig Anderson without a rebound.
18:43 of 3rd period - Eric Lindros wins face-off versus Eric Staal in Flames zone.
19:24 of 3rd period - Backhand shot by Eric Lindros.
19:24 of 3rd period - Stopped by Craig Anderson with a rebound.
19:26 of 3rd period - Slapshot by Zdeno Chara.
19:26 of 3rd period - Shot Blocked by Pavel Bure.
19:28 of 3rd period - Snap shot by Andrew Alberts.
19:28 of 3rd period - Deflect By Eric Staal.
19:28 of 3rd period - Stopped by Craig Anderson with a rebound.
19:30 of 3rd period - Wrist shot by Zdeno Chara.
19:30 of 3rd period - Shot Misses the Net.
19:32 of 3rd period - Wrist shot by Wojtek Wolski.
19:32 of 3rd period - Stopped by Craig Anderson with a rebound.
19:34 of 3rd period - Wrist shot by Wojtek Wolski.
19:34 of 3rd period - Stopped by Craig Anderson with a rebound.
19:36 of 3rd period - Snap shot by Eric Lindros.
19:36 of 3rd period - Stopped by Craig Anderson without a rebound.
19:37 of 3rd period - Lindy Ruff call a timeout for Flames.
19:37 of 3rd period - Eric Lindros wins face-off versus Eric Staal in Flames zone.
19:43 of 3rd period - Minor Penalty to Eric Staal for Boarding.
19:44 of 3rd period - Michal Handzus wins face-off versus Eric Lindros in Flames zone.


Output by the SimonT Hockey Simulator (STHS) for François Prévost -- Original Page W3C XHTML 1.0 Valid
Hockey Simulator - Hockey Simulation - Hockey Manager